 Dungeon Crawl Stone Soup version 0.30.0-29-ga12c61a403 (webtiles) character file.

Game seed: 7114412448805101998

1764784 jaiteiro the Sorcerer (level 27, 142/142 HPs)
             Began as a Gnoll Conjurer on June 24, 2023.
             Was the Champion of Hepliaklqana.
             Escaped with the Orb
             ... and 3 runes on June 25, 2023!
             The game lasted 09:03:25 (65006 turns).

jaiteiro the Sorcerer (Gnoll Conjurer)             Turns: 65006, Time: 09:03:26

Health: 142/142    AC: 16    Str:  7 (8)  XL:     27
Magic:  60/60      EV: 20    Int: 30      God:    Hepliaklqana [******]
Gold:   7776       SH: 21    Dex: 15      Spells: 14/74 levels left

rFire   + . .        a - +9 hand crossbow (heavy)
rCold   + + +        L - +1 kite shield {rPois}
rNeg    + + +        Z - +1 leather armour of Liberalism {rElec Regen+ Dex+4 Stlth-}
rPois   +            s - +1 helmet of the Untouchables {Str+4}
rElec   +            n - +1 cloak "Hoipheul" {rN+ Int+5 Slay+3}
rCorr   +            D - +2 pair of gloves {Dex+3}
SInv    .            g - +0 pair of boots
Will    +++..        j - amulet "Jaricurgh" {Reflect rC+ SH+5}
Stlth   ++           N - ring of the Forsaken Deaths {rF+ rC- rN+ Will+ MP+9}
HPRegen 1.23/turn    l - ring of Zogo {Drain rElec rC++ rN+++ rCorr}
MPRegen 0.37/turn

%: random rage (3%), reflection
@: studying 2 skills
A: reduced essence, fangs 1, strong nose, distributed training, berserk 1,
clumsy 2, cold resistance 1, deformed body, deterioration 2, dopey 2, frail 3,
screaming 2, weak 2, subdued magic 2, inability to drink after injury 2,
inability to read after injury 2
0: Orb of Zot
}: 3/15 runes: decaying, serpentine, silver
a: Renounce Religion, Recall Ancestor, Ancestor Identity, Transference, Idealise


You escaped.
You worshipped Hepliaklqana.
Hepliaklqana was exalted by your worship.
You visited 10 branches of the dungeon, and saw 48 of its levels.
You also visited: Gauntlet and Ice Cave.

You collected 11482 gold pieces.
You spent 3706 gold pieces at shops.

Inventory:

Hand Weapons
 a - a +9 heavy hand crossbow (weapon)
 b - the +0 war axe of Luqod {venom, Str+3 Int+5}
   (You took it off a vault sentinel on level 5 of the Vaults)

   Str:       It affects your strength (+3).
   Int:       It affects your intelligence (+5).
 E - the +9 rapier "Giqij" {heavy, rN++}
   (You took it off an orc on level 3 of the Dungeon)

   rN:        It greatly protects you from negative energy.
 F - a +5 sacred scourge of holy wrath
 H - the +0 hand axe "Warocrob" {speed, rElec Will+ SInv}
   (You found it on level 3 of the Elven Halls)

   rElec:     It insulates you from electricity.
   SInv:      It lets you see invisible.
   Will:      It increases your willpower.
Missiles
 S - 9 silver javelins
Armour
 c - the +1 hat "Kulosab" {Int+3 Stlth+}
   (You found it on level 3 of the Depths)

   Int:       It affects your intelligence (+3).
   Stlth:     It makes you more stealthy.
 g - a +0 pair of boots (worn)
 n - the +1 cloak "Hoipheul" (worn) {rN+ Int+5 Slay+3}
   (You found it on level 5 of the Vaults)

   Int:       It affects your intelligence (+5).
   Slay:      It affects your accuracy & damage with ranged weapons and melee
   (+3).
   rN:        It protects you from negative energy.
 s - the +1 helmet of the Untouchables (worn) {Str+4}
   (You bought it in a shop on level 1 of the Elven Halls)

   Str:       It affects your strength (+4).
 x - the +2 cloak of Liberalism {-Tele rF+++ rN+++ Str-5}
   (You found it on level 2 of the Dungeon)

   Str:       It affects your strength (-5).
   rF:        It renders you almost immune to fire.
   rN:        It renders you almost immune to negative energy.
   -Tele:     It prevents most forms of teleportation.
 D - a +2 pair of gloves of dexterity (worn)
 L - a +1 kite shield of poison resistance (worn)
 R - a +2 tower shield of protection
 V - a +1 cloak of poison resistance
 Z - the +1 leather armour of Liberalism (worn) {rElec Regen+ Dex+4 Stlth-}
   (You found it on level 1 of the Lair of Beasts)

   Dex:       It affects your dexterity (+4).
   rElec:     It insulates you from electricity.
   Regen:     It increases your rate of health regeneration.
   Stlth:     It makes you less stealthy.
Jewellery
 j - the amulet "Jaricurgh" (around neck) {Reflect rC+ SH+5}
   (You found it in a Gauntlet)

   [amulet of reflection]

   It reflects blocked missile attacks.
   rC:        It protects you from cold.
   SH:        It affects your SH (+5).
 l - the ring of Zogo (right hand) {Drain rElec rC++ rN+++ rCorr}
   (You found it in a Gauntlet)

   [ring of resist corrosion]

   rC:        It greatly protects you from cold.
   rElec:     It insulates you from electricity.
   rN:        It renders you almost immune to negative energy.
   rCorr:     It protects you from acid and corrosion.
   Drain:     It drains your maximum health when unequipped.
 N - the ring of the Forsaken Deaths (left hand) {rF+ rC- rN+ Will+ MP+9}
   (You acquired it on level 4 of the Snake Pit)

   [ring of protection from fire]

   rF:        It protects you from fire.
   rC:        It makes you vulnerable to cold.
   rN:        It protects you from negative energy.
   MP:        It affects your magic capacity (+9).
   Will:      It increases your willpower.
Wands
 P - a wand of polymorph (11)
 T - a wand of digging (15)
 U - a wand of charming (44)
Scrolls
 i - 7 scrolls of silence
 q - 9 scrolls of poison
 u - 8 scrolls of immolation
 w - 6 scrolls of blinking
 B - 6 scrolls of fear
 I - 11 scrolls of enchant armour
 M - 11 scrolls of magic mapping
 O - 24 scrolls of teleportation
 Q - 7 scrolls of fog
 W - 4 scrolls of summoning
Potions
 f - 11 potions of lignification
 h - 15 potions of curing
 k - 4 potions of cancellation
 o - 7 potions of brilliance
 p - 2 potions of haste
 r - 4 potions of flight
 v - 7 potions of invisibility
 y - 7 potions of heal wounds
 z - 14 potions of ambrosia
 A - 9 potions of might
 C - 13 potions of attraction
 G - 4 potions of berserk rage
 K - 8 potions of resistance
Miscellaneous
 t - a phantom mirror


   Skills:
 + Level 24.2 Fighting
 + Level 19.1 Short Blades
 + Level 19.1 Long Blades
 + Level 19.1 Axes
 + Level 19.1 Maces & Flails
 + Level 19.1 Polearms
 + Level 19.1 Staves
 + Level 19.1 Ranged Weapons
 + Level 19.1 Throwing
 + Level 19.1 Armour
 + Level 19.5 Dodging
 + Level 19.4 Stealth
 + Level 19.1 Shields
 + Level 19.1 Unarmed Combat
 + Level 24.2 Spellcasting
 + Level 17.6 Conjurations
 + Level 16.2 Hexes
 + Level 16.2 Summonings
 + Level 16.2 Necromancy
 + Level 16.2 Translocations
 + Level 16.2 Transmutations
 + Level 16.2 Fire Magic
 + Level 16.2 Ice Magic
 + Level 20.9 Air Magic
 + Level 16.2 Earth Magic
 + Level 16.2 Poison Magic
 + Level 20.6 Invocations
 + Level 19.1 Evocations


You had 14 spell levels left.
You knew the following spells:

 Your Spells              Type           Power      Damage    Failure   Level
a - Magic Dart            Conj           100%       1d8       0%          1
b - Mephitic Cloud        Conj/Pois/Air  74%        N/A       0%          3
c - Freezing Cloud        Conj/Ice/Air   37%        6-21      0%          5
d - Spellforged Servitor  Conj/Summ      36%        N/A       1%          7
e - Cause Fear            Hex            35%        N/A       0%          4
f - Portal Projectile     Hex/Tloc       100%       N/A       0%          3
g - Inner Flame           Hex/Fire       71%        N/A       0%          3
h - Summon Ice Beast      Ice/Summ       71%        N/A       0%          4
i - Swiftness             Air            79%        N/A       0%          3
j - Confusing Touch       Hex            71%        N/A       0%          3
k - Ignite Poison         Fire/Tmut/Pois 71%        N/A       0%          3
l - Olgreb's Toxic Radia  Pois           71%        N/A       0%          4
m - Silence               Hex/Air        37%        N/A       0%          5
n - Lehudib's Crystal Sp  Conj/Erth      36%        10d9      8%          8
o - Blink                 Tloc           100%       N/A       0%          2
p - Passwall              Tmut/Erth      59%        N/A       0%          2

Your spell library contained the following spells:

 Spells                   Type           Power      Damage    Failure   Level
 Beastly Appendage        Tmut           100%       N/A       0%          1
 Kiss of Death            Conj/Necr      100%       2d13      0%          1
 Sandblast                Erth           100%       2d20      0%          1
 Slow                     Hex            100%       N/A       0%          1
 Sting                    Tmut/Pois      100%       1d8       0%          1
 Summon Small Mammal      Summ           100%       N/A       0%          1
 Call Imp                 Summ           100%       N/A       0%          2
 Cigotuvi's Dreadful Rot  Necr/Pois/Air  100%       N/A       0%          2
 Ensorcelled Hibernation  Hex/Ice        100%       N/A       0%          2
 Poisonous Vapours        Pois/Air       100%       N/A       0%          2
 Scorch                   Fire           100%       2d9       0%          2
 Searing Ray              Conj           100%       2d8       0%          2
 Static Discharge         Conj/Air       100%       2-7/arc   0%          2
 Sublimation of Blood     Necr           71%        N/A       0%          2
 Wereblood                Tmut           71%        N/A       0%          2
 Call Canine Familiar     Summ           71%        N/A       0%          3
 Dazzling Flash           Conj/Hex       100%       N/A       0%          3
 Frozen Ramparts          Ice            100%       1d16      0%          3
 Hailstorm                Conj/Ice       72%        3d15      0%          3
 Spider Form              Tmut/Pois      71%        N/A       0%          3
 Stone Arrow              Conj/Erth      100%       3d13      0%          3
 Summon Guardian Golem    Hex/Summ       71%        N/A       0%          3
 Tukima's Dance           Hex            71%        N/A       0%          3
 Vampiric Draining        Necr           71%        2d11      0%          3
 Vhi's Electric Charge    Tloc/Air       100%       N/A       0%          3
 Airstrike                Air            39%        2d(6-22)  0%          4
 Anguish                  Hex/Necr       35%        N/A       0%          4
 Animate Armour           Summ/Erth      100%       N/A       0%          4
 Animate Dead             Necr           71%        N/A       0%          4
 Dispel Undead            Necr           71%        3d24      0%          4
 Flame Wave               Conj/Fire      72%        2d16      0%          4
 Fulminant Prism          Conj/Hex       36%        3d17      0%          4
 Ice Form                 Ice/Tmut       71%        N/A       0%          4
 Iskenderun's Mystic Bla  Conj/Tloc      72%        2d15      0%          4
 Leda's Liquefaction      Hex/Erth       35%        N/A       0%          4
 Manifold Assault         Tloc           71%        N/A       0%          4
 Passage of Golubria      Tloc           71%        N/A       0%          4
 Petrify                  Tmut/Erth      71%        N/A       0%          4
 Summon Lightning Spire   Summ/Air       75%        N/A       0%          4
 Agony                    Necr           71%        N/A       0%          5
 Alistair's Intoxication  Tmut/Pois      47%        N/A       0%          5
 Blade Hands              Tmut           35%        N/A       0%          5
 Borgnjor's Vile Clutch   Necr/Erth      35%        N/A       0%          5
 Fireball                 Conj/Fire      36%        3d15      0%          5
 Irradiate                Conj/Tmut      36%        3d23      0%          5
 Iskenderun's Battlesphe  Conj           73%        2d12      0%          5
 Lee's Rapid Deconstruct  Erth           35%        3d18*     0%          5
 Metabolic Englaciation   Hex/Ice        35%        N/A       0%          5
 Summon Forest            Summ/Tloc      35%        N/A       0%          5
 Yara's Violent Unravell  Hex/Tmut       35%        3d14      0%          5
 Conjure Ball Lightning   Conj/Air       38%        3x3d12    1%          6
 Death Channel            Necr           35%        N/A       1%          6
 Eringya's Noxious Bog    Tmut/Pois      35%        N/A       1%          6
 Iron Shot                Conj/Erth      36%        9d7       1%          6
 Simulacrum               Ice/Necr       35%        N/A       1%          6
 Statue Form              Tmut/Erth      47%        N/A       1%          6
 Summon Cactus Giant      Summ           35%        N/A       1%          6
 Dragon Form              Tmut           35%        N/A       1%          7
 Enfeeble                 Hex            35%        N/A       1%          7
 Haunt                    Necr/Summ      35%        N/A       1%          7
 Monstrous Menagerie      Summ           35%        N/A       1%          7
 Ozocubu's Refrigeration  Ice            35%        4d15      1%          7
 Storm Form               Tmut/Air       37%        N/A       1%          7
 Summon Hydra             Summ           35%        N/A       1%          7
 Maxwell's Capacitive Co  Air            39%        ∞         1%          8
 Discord                  Hex            35%        N/A       11%         8
 Disjunction              Tloc           35%        N/A       11%         8
 Ignition                 Fire           35%        3d11      11%         8
 Infestation              Necr           35%        N/A       11%         8
 Chain Lightning          Conj/Air       38%        3d50      47%         9
 Death's Door             Necr           35%        N/A       90%         9
 Dragon's Call            Summ           35%        N/A       90%         9
 Polar Vortex             Ice            35%        N/A       90%         9


Dungeon Overview and Level Annotations

Branches:
Dungeon (15/15)            Temple (1/1) D:6            Lair (5/5) D:8
  Swamp (4/4) Lair:2        Snake (4/4) Lair:2        Slime (0/5) Lair:4
    Orc (2/2) D:10            Elf (3/3) Orc:2        Vaults (5/5) D:13
  Crypt (0/3) Vaults:3     Depths (4/4) D:15            Zot (5/5) Depths:4
  IceCv (visited)         Gauntlet (visited)

Altars:
Ashenzari
Cheibriados
Dithmenos
Elyvilon
Fedhas
Gozag
Hepliaklqana
Kikubaaqudgha
Makhleb
Nemelex Xobeh
Okawaru
Qazlal
Ru
Sif Muna
Trog
Uskayaw
Vehumet
Wu Jian
Xom
Yredelemnul
Zin
The Shining One

Shops:
D:1 *   D:3 *[(*   D:5 ?   D:7 [[   D:11 *   D:12 (   D:15 (   Orc:2 =*((
Elf:1 [!   Elf:3 (=[(   Vaults:2 [   Depths:3 ([*

Portals:
Hell: Depths:1 Depths:2 Depths:3 Depths:4
Abyss: Depths:2 Depths:3
Pandemonium: Depths:2 Depths:4
Ziggurat: Depths:3

Annotations:
Zot:1 1 runed translucent door, purpleHaze's ghost, legendary HuHu
Zot:2 2 transporters, Pongem's ghost, legendary MiAK


Innate Abilities, Weirdness & Mutations

Your life essence is reduced to manifest your ancestor. (-10% HP)
You have very sharp teeth.
Your uncanny sense of smell can sniff out nearby items.
Your experience applies equally to all skills.
You sometimes lose your temper in combat.
You are very clumsy. (Dex -4)
Your flesh is cold resistant. (rC+)
Armour fits poorly on your strangely shaped body.
Your body often deteriorates upon taking damage.
You are very dopey. (Int -4)
You are extremely frail. (-30% HP)
You frequently scream uncontrollably at your foes.
You are very weak. (Str -4)
Your spells are easier to cast, but less powerful.
You sometimes lose the ability to drink potions when taking damage.
You sometimes lose the ability to read scrolls when taking damage.


Message History

The Tzitzimitl dies!
You shoot a bolt.
The bolt hits the Orb Guardian but does no damage.
Your spellforged servitor disappears in a puff of smoke!
Unknown command.
Casting: Ignite Poison (safe; 0% risk of failure)
Confirm with . or Enter, or press ? or * to list all spells.
You summon a servant imbued with your destructive magic!
You block the Orb Guardian's attack. x2
Unknown command.
You shoot a bolt. The bolt hits the Orb Guardian.
The Orb Guardian is lightly wounded.
The Orb Guardian misses you.
Your spellforged servitor is engulfed in freezing vapours.
Your spellforged servitor casts a spell at the Orb Guardian.
The crystal spear hits the Orb Guardian!!!
The Orb Guardian closely misses your spellforged servitor.
You shoot a bolt.
The bolt completely misses the Orb Guardian.
The Orb Guardian hits your spellforged servitor!!
The Orb Guardian hits your spellforged servitor.
Your spellforged servitor gestures at the Orb Guardian while chanting.
The crystal spear hits the Orb Guardian!!!
The Orb Guardian dies!
Your spellforged servitor is engulfed in freezing vapours.
There is an open door here.
There is a stone staircase leading up here.
You climb upwards.
There is a stone staircase leading down here.
Okay, then.
Tenoch emerges from the mists of memory!
HP restored.
Magic restored.
There is an escape hatch in the floor here.
There is a staircase leading out of the dungeon here.
You are a level 27 Gnoll Conjurer.
I'm sorry, level 27 is as high as you can go.
With the way you've been playing, I'm surprised you got this far.
Play time: 09:03:09 (65005 turns).
You are forever immune to Zot's power.
You have escaped!

....#####.# #### ###.# #.#######
#... # #.# #.......##
##########.## ###.#
#.#####..####..........#
.##.#####..###......#.#.......##
........................#####.#
.####..#..........⌠...### #R#
.####.................# ##.###
..............∩.@R....# #.....
.####.##.#.#.........## #..###
......##..........⌠..# #..#
.#########.##........# #..# .#
#.##.......## #^.# ##
#.##.#.##.## #..# #
######.##.#.##..# #..### #
#...........###.# ###...R. #
#.####.####.# #.# #[...###


You could see the friendly Tenoch the hexer.

Vanquished Creatures
  A pandemonium lord (Zot:1)
  3 dread liches
  3 orbs of fire
  A juggernaut (Depths:4)
  A Killer Klown (Zot:4)
  Nikola (Snake:3)
  2 golden dragons
  3 electric golems
  Mlioglotl (Swamp:1)
  5 tentacled monstrosities
  3 deep elf blademasters (Elf:3)
  13 Orb Guardians
  Asterion (Vaults:3)
  2 liches
  3 titans (Vaults:5)
  4 quicksilver dragons
  3 deep elf master archers (Elf:3)
  An ancient champion (Vaults:2)
  Frances (Snake:2)
  3 sphinxes
  A thorn hunter (Swamp:4)
  5 death cobs
  3 tengu reavers
  5 shadow dragons
  5 storm dragons
  7 fire giants
  The ghost of dvd2 the Portalist, an adept SpWr of Sif Muna (Vaults:2)
  5 nagarajas
  3 draconian monks
  8 deep elf sorcerers
  7 frost giants
  Aizul (Snake:1)
  A draconian knight (Zot:4)
  A draconian scorcher (Zot:3)
  A ghost moth (Zot:3)
  An iron dragon (Vaults:5)
  13 vault wardens
  2 deep elf elementalists
  9 ironbound preservers
  An orc warlord (Orc:1)
  3 draconian shifters
  A balrug (D:5)
  A quicksilver ooze (shapeshifter) (Vaults:5)
  A demonspawn corrupter (D:2)
  A draconian annihilator (Zot:1)
  A war gargoyle (Vaults:5)
  14 very ugly things
  3 ironbound thunderhulks
  4 black draconians
  3 deep elf demonologists (Elf:3)
  9 stone giants
  The ghost of Xyoprad the Blocker, a journeyman FoFi of Ashenzari (D:13)
  A pale draconian (Depths:4)
  2 eleionomae (Swamp:4)
  4 white draconians
  3 green draconians
  7 red draconians
  Azrael (Snake:1)
  4 deep elf annihilators (Elf:3)
  A minotaur (Gauntlet)
  6 dire elephants
  4 bunyips
  2 purple draconians (Zot:1)
  5 yellow draconians
  7 ettins
  2 merfolk impalers (Depths:1)
  2 blizzard demons (IceCv)
  4 yaktaur captains
  A crystal guardian (Vaults:4)
  3 deep elf death magi
  An entropy weaver (Vaults:5)
  A jiangshi (Depths:2)
  3 shambling mangroves
  A fire dragon (Depths:1)
  2 great orbs of eyes (Vaults:4)
  A caustic shrike simulacrum (IceCv)
  An ice dragon (Depths:4)
  2 salamander tyrants
  2 deep elf high priests
  33 vault guards
  2 ogre magi (Vaults:5)
  20 hydras
  A spriggan air mage (Depths:3)
  2 catoblepae (Lair:5)
  A ghost crab (Swamp:3)
  12 anacondas
  7 ironbound frosthearts
  5 deep troll shamans
  8 alligators
  20 dancing weapons
  3 boulder beetles
  15 naga warriors
  6 two-headed ogres
  4 death yaks (Lair:5)
  A tengu warrior (D:14)
  5 centaur warriors
  4 orc high priests
  8 deep troll earth magi
  Urug (Lair:2)
  A thrashing horror (Gauntlet)
  5 sun demons
  14 naga sharpshooters
  10 hell knights
  9 shock serpents
  17 deep elf knights
  A storm dragon zombie (Depths:3)
  Nergalle (Lair:2)
  A skyshark (Lair:4)
  7 salamander mystics
  6 iron trolls
  6 goliath frogs
  2 skeletal warriors (D:14)
  5 lindwurms
  46 deep trolls
  9 naga ritualists
  2 glowing orange brains
  A glowing orange brain (shapeshifter) (Vaults:5)
  4 spriggan druids
  11 swamp dragons
  28 slime creatures
  7 wizards
  An obsidian statue (IceCv)
  A phantasmal warrior (Vaults:4)
  3 sea snakes
  12 deep elf archers
  20 deep elf zephyrmancers
  7 spriggan simulacra (IceCv)
  3 bog bodies
  19 ironbound convokers
  7 orc knights
  7 necromancers
  4 harpies
  21 deep elf pyromancers
  30 ugly things
  2 cyclopes
  Pikel (D:7)
  6 orc sorcerers
  13 mana vipers
  17 salamanders
  5 will-o-the-wisps
  A cyclops (shapeshifter) (Vaults:5)
  A human zombie (Vaults:4)
  13 elephants
  5 manticores
  21 moths of wrath
  2 wolf spiders
  20 naga magi
  A smoke demon (Gauntlet)
  A stone giant skeleton (Vaults:3)
  23 black mambas
  13 vault sentinels
  9 guardian serpents
  An unseen horror (D:12)
  2 kobold demonologists
  5 freezing wraiths
  2 hellions
  7 rime drakes
  2 gargoyles
  4 cane toads (Lair:5)
  2 efreet
  2 tengu conjurers
  7 komodo dragons
  2 golden dragon simulacra (IceCv)
  A red devil (D:12)
  20 yaktaurs
  9 ice devils
  2 meliai (D:15)
  3 bloated husks
  3 hydra zombies (Swamp:4)
  A queen bee (Lair:3)
  2 trolls
  A nameless horror (Vaults:3)
  A polar bear (Lair:4)
  A hellwing (Depths:2)
  7 tyrant leeches
  11 hornets
  Prince Ribbit (Lair:1)
  4 dream sheep (Lair:3)
  18 blink frogs
  3 air elementals
  27 yaks
  6 spriggans
  2 wraiths
  A dire elephant simulacrum (IceCv)
  A vampire (D:13)
  7 water elementals
  4 wyverns
  10 fire elementals
  4 hogs (D:14)
  5 basilisks
  2 steam dragons
  A neqoxec (Depths:4)
  18 vampire mosquitoes
  A chaos spawn (Depths:4)
  39 nagas
  3 harpy simulacra (IceCv)
  7 minotaur simulacra (IceCv)
  3 acid dragons
  18 swamp worms
  4 wargs
  A glowing shapeshifter skeleton (Vaults:4)
  4 hell hounds
  15 water moccasins
  An ice beast (D:6)
  16 orc warriors
  A black bear (D:7)
  An ettin simulacrum (IceCv)
  5 swamp drakes (Swamp:4)
  2 wolves (Lair:3)
  A boggart (Elf:1)
  5 ogres
  7 centaurs
  A lemure (D:7)
  2 kobold brigands
  7 bullfrogs
  3 gnoll sergeants
  3 scorpions
  2 glowing shapeshifter simulacra (Vaults:3)
  6 deep troll simulacra (IceCv)
  7 wights
  A human skeleton (Vaults:4)
  4 small abominations
  33 killer bees
  A lindwurm simulacrum (IceCv)
  9 electric eels
  11 hexers
  2 crimson imps (Gauntlet)
  3 lava snakes (Lair:2)
  A jelly (D:7)
  2 gnoll boudas
  14 orc priests
  2 iguanas (D:5)
  Terence (D:2)
  Ijyb (D:3)
  5 hell rats (Lair:5)
  21 orc wizards
  3 lightning spires (Zot:3)
  An ancestor (D:5)
  16 gnolls
  2 adders (D:2)
  A river rat (Lair:3)
  4 white imps
  3 ufetubi
  A worm (D:3)
  A dart slug (D:4)
  81 orcs
  7 bats
  7 endoplasms
  3 giant cockroaches
  A giant cockroach (shapeshifter) (Vaults:5)
  14 goblins
  9 hobgoblins
  6 jackals
  26 kobolds
  7 quokkas
  10 ball pythons
  5 frilled lizards
  6 rats
  A spectral weapon (Vaults:5)
1593 creatures vanquished.

Vanquished Creatures (collateral kills)
  A dread lich (Zot:5)
  5 orbs of fire
  Mennas (Vaults:5)
  2 Killer Klowns (Zot:5)
  Saint Roka (Depths:4)
  Margery (Vaults:4)
  2 curse toes (Zot:4)
  5 golden dragons
  A Tzitzimitl (D:2)
  3 electric golems
  11 tentacled monstrosities
  18 Orb Guardians
  3 liches
  3 quicksilver dragons
  A titan (Vaults:5)
  A sphinx (Vaults:4)
  7 death cobs
  An Executioner (Depths:4)
  Kirke (D:14)
  4 shadow dragons
  A tengu reaver (Depths:4)
  A thorn hunter (Swamp:4)
  14 storm dragons
  4 draconian monks
  3 pandemonium lords
  5 frost giants
  2 nagarajas
  4 draconian knights
  6 vault wardens
  3 fire giants
  2 deep elf sorcerers (Elf:3)
  2 draconian scorchers (Zot:1)
  A curse skull (Zot:3)
  2 draconian annihilators
  2 ghost moths
  An orc warlord (Vaults:1)
  9 ironbound preservers
  7 stone giants
  A draconian shifter (Zot:1)
  3 war gargoyles (Vaults:5)
  11 very ugly things
  2 deep elf demonologists (Elf:3)
  6 green draconians
  3 ironbound thunderhulks
  3 vampire knights
  2 white draconians
  8 dire elephants
  A lorocyproca (D:2)
  An eleionoma (Swamp:1)
  A red draconian (Zot:3)
  6 black draconians
  A pale draconian (Depths:4)
  A bunyip (Swamp:1)
  3 spark wasps (Depths:1)
  7 purple draconians
  An ettin (Depths:4)
  A blizzard demon (Depths:4)
  2 jiangshi (Depths:2)
  A deep elf death mage (Elf:3)
  A green death (D:5)
  A fire dragon (Depths:1)
  A great orb of eyes (shapeshifter) (Vaults:5)
  8 vault guards
  4 rakshasas
  2 yaktaur captains
  3 great orbs of eyes
  A shambling mangrove (Swamp:4)
  A peacekeeper (Vaults:4)
  A salamander tyrant (Snake:1)
  7 hydras
  A spriggan air mage (Depths:3)
  4 ironbound frosthearts
  4 ice dragons
  A catoblepas (Lair:5)
  A centaur warrior (D:14)
  A boulder beetle (D:11)
  A ghost crab (Swamp:2)
  A two-headed ogre (shapeshifter) (Elf:1)
  6 dancing weapons
  A two-headed ogre (D:9)
  4 tengu warriors
  2 vampire magi
  2 deep troll shamans (Depths:1)
  4 naga warriors
  3 alligators
  4 nameless horrors
  5 deep troll earth magi
  3 death yaks (Lair:5)
  2 naga sharpshooters
  A shock serpent (Snake:2)
  7 hell knights
  2 spriggan berserkers (Depths:4)
  A sun demon (D:5)
  7 iron trolls
  2 skysharks
  2 soul eaters
  A goliath frog (Swamp:1)
  A salamander mystic (Snake:4)
  2 deep elf knights (Elf:2)
  2 spriggan druids
  22 deep trolls
  5 swamp dragons
  A shadow demon (D:2)
  3 naga ritualists
  2 orc knights
  A hexer (Depths:2)
  A spriggan simulacrum (IceCv)
  A phantasmal warrior (Vaults:5)
  A deep elf archer (Elf:1)
  2 bog bodies
  4 ironbound convokers
  A harpy (Vaults:1)
  3 orange crystal statues
  A golden dragon skeleton (Depths:3)
  A sphinx zombie (Vaults:4)
  A mana viper (Snake:2)
  2 necromancers
  An orc sorcerer (Orc:1)
  6 deep elf pyromancers
  4 deep elf zephyrmancers
  3 moths of wrath
  3 cyclopes
  15 ugly things
  5 salamanders
  3 guardian serpents
  2 black mambas
  8 elephants
  2 naga magi (Snake:4)
  2 vault sentinels (Vaults:5)
  A rust devil (Depths:2)
  4 cane toads
  A yaktaur zombie (Vaults:4)
  A rime drake (Lair:5)
  A tengu conjurer (Elf:1)
  2 komodo dragons (Lair:4)
  4 yaktaurs
  2 ice devils (IceCv)
  A red devil (Depths:4)
  A freezing wraith (Vaults:3)
  A golden dragon simulacrum (IceCv)
  2 trolls
  A meliai (D:15)
  A polar bear (Lair:5)
  3 tyrant leeches
  3 hornets
  A blink frog (Lair:5)
  2 dream sheep (Lair:3)
  13 slime creatures
  2 shadows
  4 water elementals (Depths:1)
  An air elemental (Elf:2)
  2 spriggans
  6 yaks
  3 basilisks
  A basilisk (shapeshifter) (Depths:3)
  A wyvern (Lair:2)
  A minotaur simulacrum (IceCv)
  3 steam dragons
  A harpy simulacrum (IceCv)
  3 vampire mosquitoes
  A chaos spawn (Depths:2)
  2 wargs
  2 large abominations
  3 nagas
  5 water moccasins
  2 ice beasts (D:7)
  12 orc warriors
  A sky beast (D:7)
  A black bear (D:6)
  A glowing shapeshifter skeleton (Depths:3)
  A wolf (Lair:3)
  2 ogres
  A centaur (D:14)
  A lemure (D:7)
  A phantom (D:5)
  2 kobold brigands (D:8)
  4 bullfrogs
  A deep troll simulacrum (IceCv)
  2 earth elementals
  5 wights
  7 killer bees (Lair:3)
  2 electric eels (Snake:1)
  2 howler monkeys
  2 hounds (D:5)
  5 orc priests
  7 orc wizards
  2 hell rats (Lair:5)
  2 lightning spires (Zot:3)
  4 gnolls
  27 orcs
  2 kobolds (D:8)
605 creatures vanquished.

Vanquished Creatures (others)
  An Orb Guardian (Zot:5)
  A deep elf knight (Elf:2)
  A deep elf archer (Elf:1)
  A wizard (Vaults:2)
  A naga (Snake:4)
  An orc wizard (Orc:2)
  93 hexers
  4 ancestors (D:6)
  A butterfly (D:9)
  25 foxfires
  9 spectral weapons (Vaults:5)
138 creatures vanquished.

Grand Total: 2336 creatures vanquished

Notes
Turn   | Place    | Note
-------+----------+-------------------------------------------
     0 | D:1      | jaiteiro the Gnoll Conjurer began the quest for the Orb.
     0 | D:1      | Reached XP level 1. HP: 13/13 MP: 6/6
   175 | D:1      | Reached XP level 2. HP: 19/19 MP: 4/7
   250 | D:1      | Found Witahyc's General Store.
   684 | D:1      | Reached skill level 5 in Spellcasting
   684 | D:1      | Reached XP level 3. HP: 25/25 MP: 7/9
   995 | D:2      | Reached skill level 1 in Invocations
  1144 | D:2      | Reached skill level 1 in Fighting
  1144 | D:2      | Reached skill level 1 in Short Blades
  1144 | D:2      | Reached skill level 1 in Long Blades
  1144 | D:2      | Reached skill level 1 in Axes
  1144 | D:2      | Reached skill level 1 in Maces & Flails
  1144 | D:2      | Reached skill level 1 in Polearms
  1144 | D:2      | Reached skill level 1 in Staves
  1144 | D:2      | Reached skill level 1 in Ranged Weapons
  1144 | D:2      | Reached skill level 1 in Throwing
  1144 | D:2      | Reached skill level 1 in Armour
  1144 | D:2      | Reached skill level 1 in Shields
  1144 | D:2      | Reached skill level 1 in Unarmed Combat
  1144 | D:2      | Reached skill level 1 in Evocations
  1262 | D:2      | Found a faded altar of an unknown god.
  1290 | D:2      | Identified the +2 cloak of Liberalism {-Tele rF+++ rN+++
                  | Str-5}
  1388 | D:2      | Reached XP level 4. HP: 29/32 MP: 11/11
  1561 | D:2      | Noticed Terence
  1573 | D:2      | Killed Terence
  1574 | D:2      | Reached skill level 1 in Hexes
  1574 | D:2      | Reached skill level 1 in Summonings
  1574 | D:2      | Reached skill level 1 in Necromancy
  1574 | D:2      | Reached skill level 1 in Translocations
  1574 | D:2      | Reached skill level 1 in Transmutations
  1574 | D:2      | Reached skill level 1 in Fire Magic
  1574 | D:2      | Reached skill level 1 in Ice Magic
  1574 | D:2      | Reached skill level 1 in Air Magic
  1574 | D:2      | Reached skill level 1 in Earth Magic
  1574 | D:2      | Reached skill level 1 in Poison Magic
  1633 | D:2      | Found a hide-covered altar of Uskayaw.
  2147 | D:3      | Reached XP level 5. HP: 37/37 MP: 12/12
  2260 | D:3      | Found Vyreirom's General Store.
  2497 | D:3      | Found Holykk's Armour Emporium.
  2551 | D:3      | Noticed Ijyb
  2838 | D:3      | Found an ancient bone altar of Kikubaaqudgha.
  2843 | D:3      | Found a hazy altar of Hepliaklqana.
  2846 | D:3      | Became a worshipper of Hepliaklqana the Forgotten
  2853 | D:3      | Identified the +9 rapier "Giqij" {heavy, rN++}
  2858 | D:3      | Found Tumnucurgh's Antique Weapon Shoppe.
  3011 | D:3      | Found Fogic's Assorted Antiques.
  3099 | D:4      | Reached XP level 6. HP: 44/44 MP: 11/13
  3271 | D:4      | Found a blossoming altar of Fedhas.
  3293 | D:4      | Reached skill level 5 in Dodging
  3362 | D:4      | Learned a level 3 spell: Mephitic Cloud
  3368 | D:4      | Learned a level 5 spell: Freezing Cloud
  3766 | D:5      | Entered Level 5 of the Dungeon
  3880 | D:5      | Reached XP level 7. HP: 49/51 MP: 12/15
  3938 | D:5      | Found Yneraxuj's Magic Scroll Shop.
  3985 | D:5      | Found a glowing golden altar of the Shining One.
  4034 | D:5      | Reached * piety under Hepliaklqana
  4157 | D:5      | Reached skill level 5 in Stealth
  4523 | D:5      | Found a shimmering blue altar of Sif Muna.
  4716 | D:3      | Killed Ijyb
  4836 | D:6      | Reached XP level 8. HP: 52/52 MP: 16/16
  4856 | D:6      | Found an iron altar of Okawaru.
  5095 | D:6      | Found an opulent altar of Gozag.
  5371 | D:6      | Reached XP level 9. HP: 58/58 MP: 18/18
  5552 | D:6      | Reached ** piety under Hepliaklqana
  5553 | D:6      | Remembered your ancestor Tenoch as a hexer
  5713 | D:6      | Identified the +2 robe of Servitude {rN++ Int-3 Archmagi}
  5802 | D:6      | Found a staircase to the Ecumenical Temple.
  5808 | Temple   | Entered the Ecumenical Temple
  6187 | D:7      | Found a glowing silver altar of Zin.
  6331 | D:7      | Found a sacrificial altar of Ru.
  6388 | D:7      | Reached skill level 5 in Invocations
  6429 | D:7      | Noticed Pikel
  6436 | D:7      | Killed Pikel
  6513 | D:7      | Found a shadowy altar of Dithmenos.
  6609 | D:7      | Found Utapu's Antique Armour Shoppe.
  6874 | D:7      | Found Dyllao Ybla's Armour Emporium.
  6922 | D:8      | Reached skill level 5 in Fighting
  6922 | D:8      | Reached skill level 5 in Short Blades
  6922 | D:8      | Reached skill level 5 in Long Blades
  6922 | D:8      | Reached skill level 5 in Axes
  6922 | D:8      | Reached skill level 5 in Maces & Flails
  6922 | D:8      | Reached skill level 5 in Polearms
  6922 | D:8      | Reached skill level 5 in Staves
  6922 | D:8      | Reached skill level 5 in Ranged Weapons
  6922 | D:8      | Reached skill level 5 in Throwing
  6922 | D:8      | Reached skill level 5 in Armour
  6922 | D:8      | Reached skill level 5 in Shields
  6922 | D:8      | Reached skill level 5 in Unarmed Combat
  6922 | D:8      | Reached skill level 5 in Evocations
  6950 | D:8      | Found a staircase to the Lair.
  6987 | D:8      | Found a stormy altar of Qazlal.
  7014 | D:8      | Reached XP level 10. HP: 66/66 MP: 20/20
  7308 | D:8      | Reached *** piety under Hepliaklqana
  7364 | D:8      | Identified the +1 robe "Dumakhus" {+Inv rC- Str+5}
  7876 | D:9      | Found a white marble altar of Elyvilon.
  7927 | D:9      | Noticed a two-headed ogre
  7934 | D:9      | Killed a two-headed ogre
  8083 | D:9      | Found a broken altar of Ashenzari.
  8393 | D:10     | Entered Level 10 of the Dungeon
  8824 | D:10     | Reached skill level 5 in Hexes
  8824 | D:10     | Reached skill level 5 in Summonings
  8824 | D:10     | Reached skill level 5 in Necromancy
  8824 | D:10     | Reached skill level 5 in Translocations
  8824 | D:10     | Reached skill level 5 in Transmutations
  8824 | D:10     | Reached skill level 5 in Fire Magic
  8824 | D:10     | Reached skill level 5 in Ice Magic
  8824 | D:10     | Reached skill level 5 in Air Magic
  8824 | D:10     | Reached skill level 5 in Earth Magic
  8824 | D:10     | Reached skill level 5 in Poison Magic
  8834 | D:10     | Reached XP level 11. HP: 60/72 MP: 14/22
  9010 | D:10     | Found a staircase to the Orcish Mines.
  9037 | D:10     | Learned a level 3 spell: Stone Arrow
  9069 | D:10     | Found a basalt altar of Yredelemnul.
  9609 | Orc:1    | Entered Level 1 of the Orcish Mines
  9612 | Orc:1    | Noticed an orc high priest
  9874 | Orc:1    | Killed an orc high priest
  9996 | Orc:2    | Entered Level 2 of the Orcish Mines
  9997 | Orc:2    | Noticed an orc knight
 10009 | Orc:2    | Killed an orc knight
 10028 | Orc:2    | Noticed an orc sorcerer
 10347 | Orc:2    | Reached **** piety under Hepliaklqana
 10385 | Orc:2    | Noticed an orc sorcerer
 10392 | Orc:2    | Killed an orc sorcerer
 10564 | Orc:2    | Noticed an orc knight
 10576 | Orc:2    | Killed an orc knight
 10633 | Orc:2    | Found a staircase to the Elven Halls.
 10789 | Orc:2    | Noticed an orc knight
 10792 | Orc:2    | Noticed an orc high priest
 10804 | Orc:2    | Killed an orc knight
 10804 | Orc:2    | Noticed an orc high priest
 10810 | Orc:2    | Killed an orc high priest
 10811 | Orc:2    | Reached XP level 12. HP: 74/81 MP: 13/24
 10820 | Orc:2    | Killed an orc high priest
 10912 | Orc:2    | Noticed an orc high priest
 11170 | Orc:1    | Killed an orc high priest
 11388 | Orc:2    | Found Hiryomi's Weapon Shoppe.
 11388 | Orc:2    | Found Luffovan's Weapon Boutique.
 11390 | Orc:2    | Found Vysuivi's General Store.
 11390 | Orc:2    | Found Reepp's Jewellery Shoppe.
 11498 | Orc:1    | Noticed an orc warlord
 11514 | Orc:1    | Killed an orc warlord
 12369 | D:3      | Bought a manual of Air Magic for 800 gold pieces
 12369 | D:3      | Bought a scroll of magic mapping for 75 gold pieces
 12449 | Lair:1   | Entered Level 1 of the Lair of Beasts
 12605 | Lair:1   | Noticed a boulder beetle
 12624 | Lair:1   | Killed a boulder beetle
 13103 | Lair:1   | Identified the +1 leather armour of Liberalism {rElec
                  | Regen+ Dex+4 Stlth-}
 13111 | Lair:1   | Noticed Prince Ribbit
 13118 | Lair:1   | Killed Prince Ribbit
 13455 | Lair:2   | Noticed Urug
 13455 | Lair:2   | Noticed a skyshark
 13523 | Lair:2   | Reached XP level 13. HP: 88/88 MP: 10/26
 13638 | Lair:2   | Reached skill level 10 in Conjurations
 13773 | Lair:2   | Found a staircase to the Swamp.
 13990 | Lair:2   | Found a staircase to the Snake Pit.
 14073 | Lair:2   | Reached ***** piety under Hepliaklqana
 14085 | Lair:2   | Killed Urug
 14212 | Lair:2   | Noticed Nergalle
 14235 | Lair:2   | Killed Nergalle
 14704 | Lair:2   | Gained mutation: You are agile. (Dex +4, Str/Int -1)
                  | [potion of mutation]
 14731 | Lair:3   | Reached skill level 10 in Spellcasting
 15458 | Lair:3   | Reached skill level 10 in Dodging
 15718 | Lair:3   | Reached skill level 10 in Stealth
 16295 | Lair:4   | Found a staircase to the Slime Pits.
 16454 | Lair:4   | Reached XP level 14. HP: 97/97 MP: 22/28
 16487 | Lair:4   | Reached skill level 10 in Invocations
 17514 | Lair:5   | Entered Level 5 of the Lair of Beasts
 17517 | Lair:5   | Found a gate leading to a gauntlet.
 17584 | Gauntlet | Entered a Gauntlet
 17584 | Gauntlet | Found a transporter.
 17584 | Gauntlet | Found a transporter.
 17588 | Gauntlet | Found a transporter.
 17588 | Gauntlet | Found a transporter.
 17598 | Gauntlet | Found a transporter.
 17606 | Gauntlet | Noticed a cacodemon
 17610 | Gauntlet | Found a transporter.
 17616 | Gauntlet | Found a large runed translucent door.
 17617 | Gauntlet | Found a large runed translucent door.
 17618 | Gauntlet | Found a large runed translucent door.
 17618 | Gauntlet | Found a large runed translucent door.
 17619 | Gauntlet | Found a runed translucent gate.
 17619 | Gauntlet | Found a large runed translucent door.
 17619 | Gauntlet | Found a large runed translucent door.
 17619 | Gauntlet | Found a runed translucent door.
 17620 | Gauntlet | Found a transporter.
 17620 | Gauntlet | Found a runed translucent gate.
 17620 | Gauntlet | Found a transporter.
 17620 | Gauntlet | Found a large runed translucent door.
 17621 | Gauntlet | Found a runed translucent gate.
 17621 | Gauntlet | Found a runed translucent door.
 17621 | Gauntlet | Found a large runed translucent door.
 17623 | Gauntlet | Found a transporter.
 17629 | Gauntlet | Found a large runed translucent door.
 17629 | Gauntlet | Found a large runed translucent door.
 17630 | Gauntlet | Found a large runed translucent door.
 17631 | Gauntlet | Found a large runed translucent door.
 17640 | Gauntlet | Found a large runed translucent door.
 17640 | Gauntlet | Found a large runed translucent door.
 17652 | Gauntlet | Found a transporter.
 17660 | Gauntlet | Found a transporter.
 17705 | Gauntlet | Found a transporter.
 17718 | Gauntlet | Found a transporter.
 17738 | Gauntlet | Found a transporter.
 17839 | Gauntlet | Found a transporter.
 17858 | Gauntlet | Found a transporter.
 17874 | Gauntlet | Found a large runed translucent door.
 17874 | Gauntlet | Found a large runed translucent door.
 18045 | Gauntlet | Identified the amulet "Jaricurgh" {Reflect rC+ SH+5}
 18063 | Gauntlet | Identified the +1 pair of gloves "Nauny" {rF++ Str-3 Dex+3}
 18143 | Gauntlet | Identified the ring of Zogo {Drain rElec rC++ rN+++ rCorr}
 19086 | Lair:5   | Reached skill level 10 in Fighting
 19086 | Lair:5   | Reached skill level 10 in Short Blades
 19086 | Lair:5   | Reached skill level 10 in Long Blades
 19086 | Lair:5   | Reached skill level 10 in Axes
 19086 | Lair:5   | Reached skill level 10 in Maces & Flails
 19086 | Lair:5   | Reached skill level 10 in Polearms
 19086 | Lair:5   | Reached skill level 10 in Staves
 19086 | Lair:5   | Reached skill level 10 in Ranged Weapons
 19086 | Lair:5   | Reached skill level 10 in Throwing
 19086 | Lair:5   | Reached skill level 10 in Armour
 19086 | Lair:5   | Reached skill level 10 in Shields
 19086 | Lair:5   | Reached skill level 10 in Unarmed Combat
 19086 | Lair:5   | Reached skill level 10 in Evocations
 19225 | Lair:5   | Reached skill level 10 in Air Magic
 19225 | Lair:5   | Reached XP level 15. HP: 103/103 MP: 21/30
 19317 | Lair:5   | Reached ****** piety under Hepliaklqana
 19530 | Lair:5   | Learned a level 4 spell: Cause Fear
 19651 | Snake:1  | Entered Level 1 of the Snake Pit
 19793 | Snake:1  | Noticed Aizul
 19810 | Snake:1  | Killed Aizul
 19976 | Snake:1  | Identified the +3 sling "Ucomnon" {heavy, rPois rC+ Int-5}
 20276 | Snake:1  | Noticed Azrael
 20282 | Snake:1  | Killed Azrael
 20332 | Snake:1  | Found a sacrificial altar of Ru.
 20558 | Snake:1  | Noticed a nagaraja
 20648 | Snake:1  | Noticed a nagaraja
 20649 | Snake:1  | Found a radiant altar of Vehumet.
 20653 | Snake:1  | Found a transporter.
 20757 | Snake:1  | Identified the ring "Daocry" {rPois rF+ Int+2}
 21166 | Snake:1  | Killed a nagaraja
 21182 | Snake:1  | Killed a nagaraja
 21664 | Snake:1  | Found a transporter.
 21755 | Snake:1  | Learned a level 3 spell: Portal Projectile
 21794 | Snake:2  | Found a frozen archway.
 21826 | IceCv    | Entered an ice cave
 22829 | IceCv    | Reached XP level 16. HP: 112/112 MP: 13/32
 23375 | IceCv    | Learned a level 3 spell: Inner Flame
 23851 | Snake:2  | Noticed Frances
 23864 | Snake:2  | Killed Frances
 24791 | Snake:2  | Noticed a nagaraja
 24800 | Snake:2  | Killed a nagaraja
 25456 | Snake:3  | Noticed Nikola
 25484 | Snake:3  | Killed Nikola
 25555 | Snake:3  | Identified a scroll of acquirement
 25556 | Snake:3  | Acquired jaiteiro's Elucidation of Position and Convocation
 25565 | Snake:3  | Learned a level 4 spell: Summon Ice Beast
 25836 | Snake:4  | Entered Level 4 of the Snake Pit
 26076 | Snake:4  | Acquired the ring of the Forsaken Deaths {rF+ rC- rN+ Will+
                  | MP+9}
 26198 | Snake:4  | Reached XP level 17. HP: 120/121 MP: 33/33
 26252 | Snake:4  | Reached skill level 10 in Hexes
 26252 | Snake:4  | Reached skill level 10 in Summonings
 26252 | Snake:4  | Reached skill level 10 in Necromancy
 26252 | Snake:4  | Reached skill level 10 in Translocations
 26252 | Snake:4  | Reached skill level 10 in Transmutations
 26252 | Snake:4  | Reached skill level 10 in Fire Magic
 26252 | Snake:4  | Reached skill level 10 in Ice Magic
 26252 | Snake:4  | Reached skill level 10 in Earth Magic
 26252 | Snake:4  | Reached skill level 10 in Poison Magic
 27019 | Snake:4  | HP: 6/123 [constriction (4)]
 27892 | Snake:4  | Identified the +1 chain mail of Complete Protection {Contam
                  | Str+3 Int+4 Stlth+}
 28174 | Snake:4  | Got a serpentine rune of Zot
 28517 | Elf:1    | Entered Level 1 of the Elven Halls
 28683 | Elf:1    | Reached XP level 18. HP: 93/131 MP: 22/36
 28805 | Elf:1    | Found a shimmering blue altar of Sif Muna.
 28866 | Elf:1    | Found Cauhapir's Distillery.
 28943 | Elf:1    | Bought a potion of curing for 42 gold pieces
 28943 | Elf:1    | Bought a potion of heal wounds for 70 gold pieces
 29207 | Elf:1    | Learned a level 3 spell: Swiftness
 29433 | Elf:1    | Found Vekos's Armour Shoppe.
 29446 | Elf:1    | Bought the +1 helmet of the Untouchables {Str+4} for 423
                  | gold pieces
 30639 | Elf:2    | Found a runed translucent gate.
 30639 | Elf:2    | Found a runed translucent gate.
 30641 | Elf:2    | Found a runed translucent gate.
 31147 | Elf:2    | Reached skill level 15 in Spellcasting
 31207 | Elf:2    | Reached skill level 15 in Fighting
 31922 | Elf:3    | Entered Level 3 of the Elven Halls
 32009 | Elf:3    | Found Jeqirhiul's Weapon Shop.
 32496 | Elf:3    | Found Dueg Afo's Armour Shop.
 32566 | Elf:3    | Found Reciphat's Jewellery Emporium.
 32719 | Elf:3    | Reached XP level 19. HP: 133/139 MP: 38/38
 32791 | Elf:3    | Found Miblewy's Weapon Shoppe.
 33436 | Elf:3    | Identified the ring "Ixzon" {AC+4 Str+4}
 33474 | Elf:3    | Identified the ring "Reunem" {Ice *Corrode rN+ Stlth+}
 33618 | Elf:3    | Identified the +3 spear of Past Mistakes {protect, rPois}
 33620 | Elf:3    | Got the Reference Book on Windy Putridity
 33627 | Elf:3    | Identified the ring "Neddesio" {Will+ rCorr Str+7 Int-2}
 33630 | Elf:3    | Identified the ring of Afan {Dex+6 Slay+4}
 33631 | Elf:3    | Identified the ring "Voinetesh" {rC- rN+ rCorr MP+9}
 33640 | Elf:3    | Identified the +0 hand axe "Warocrob" {speed, rElec Will+
                  | SInv}
 33756 | Elf:3    | Got Jeira's Essays on Zombies
 33876 | Elf:3    | Learned a level 3 spell: Confusing Touch
 33880 | Elf:3    | Learned a level 3 spell: Ignite Poison
 33885 | Elf:3    | Learned a level 4 spell: Olgreb's Toxic Radiance
 34132 | Swamp:1  | Entered Level 1 of the Swamp
 34913 | Swamp:1  | Noticed Mlioglotl
 35365 | Swamp:2  | Reached skill level 15 in Air Magic
 35374 | Swamp:2  | Reached skill level 15 in Invocations
 35874 | Swamp:1  | Learned a level 5 spell: Silence
 35909 | Swamp:1  | Killed Mlioglotl
 36435 | Swamp:3  | Reached XP level 20. HP: 149/149 MP: 40/40
 36993 | Swamp:4  | Entered Level 4 of the Swamp
 37441 | Swamp:4  | Got a decaying rune of Zot
 37780 | Swamp:4  | Got the Vellum of Reanimation Made Easy
 38522 | D:11     | Found Piolin's General Store.
 38546 | D:11     | Identified the +9 flail "Letze" {venom, rElec}
 39515 | D:12     | Found Zuvadaw's Antique Weapon Shoppe.
 39584 | D:12     | Bought an encrusted broad axe for 297 gold pieces
 39584 | D:12     | Identified the +1 broad axe of Disaster {heavy, +Blink
                  | rCorr Dex+3} (You bought it in a shop on level 12 of the
                  | Dungeon)
 39584 | D:12     | Bought a smoking mace for 264 gold pieces
 39584 | D:12     | Identified the +8 mace of Niudok {freeze, rPois Int+3
                  | Stlth+} (You bought it in a shop on level 12 of the
                  | Dungeon)
 39944 | D:12     | You fall into a shaft and drop 2 floors!
 40010 | D:14     | Reached skill level 15 in Dodging
 40103 | D:14     | Noticed Kirke
 40113 | D:14     | Killed Kirke
 40329 | D:14     | Found a bloodstained altar of Trog.
 40576 | D:13     | Found a runed translucent gate.
 40576 | D:13     | Found a runed translucent gate.
 40576 | D:13     | Noticed Xyoprad's ghost (journeyman FoFi)
 40577 | D:13     | Identified the +6 plate armour "Saush" {rF+ Will+}
 40578 | D:13     | Found a runed translucent gate.
 40657 | D:13     | Reached skill level 15 in Stealth
 40692 | D:13     | Identified the ring of the Screaming Gods {Wiz Fly Str+4}
 40700 | D:13     | Found a gate to the Vaults.
 41103 | D:13     | Identified the +6 halberd "Leivvizone" {heavy, Int+2}
 41127 | D:13     | Killed Xyoprad's ghost
 41208 | Vaults:1 | Entered Level 1 of the Vaults
 41960 | Vaults:1 | Reached XP level 21. HP: 157/157 MP: 35/42
 42956 | Vaults:2 | Found Xoips's Antique Armour Boutique.
 43036 | Vaults:2 | Acquired 914 gold pieces
 43037 | Vaults:2 | Acquired 1044 gold pieces
 43038 | Vaults:2 | Acquired jaiteiro's Compendium of Prime Snow
 43048 | Vaults:2 | Learned a level 7 spell: Spellforged Servitor
 43789 | Vaults:2 | Found a runed translucent door.
 43792 | Vaults:2 | Noticed dvd2's ghost (adept SpWr)
 43807 | Vaults:2 | Learned a level 8 spell: Lehudib's Crystal Spear
 43815 | Vaults:2 | Killed dvd2's ghost
 43848 | Vaults:2 | Got Leda's Atlas of the Fjord
 43868 | Vaults:2 | Learned a level 6 spell: Iron Shot
 44144 | Vaults:2 | Reached skill level 15 in Short Blades
 44144 | Vaults:2 | Reached skill level 15 in Long Blades
 44144 | Vaults:2 | Reached skill level 15 in Axes
 44144 | Vaults:2 | Reached skill level 15 in Maces & Flails
 44144 | Vaults:2 | Reached skill level 15 in Polearms
 44144 | Vaults:2 | Reached skill level 15 in Staves
 44144 | Vaults:2 | Reached skill level 15 in Ranged Weapons
 44144 | Vaults:2 | Reached skill level 15 in Throwing
 44144 | Vaults:2 | Reached skill level 15 in Armour
 44144 | Vaults:2 | Reached skill level 15 in Shields
 44144 | Vaults:2 | Reached skill level 15 in Unarmed Combat
 44144 | Vaults:2 | Reached skill level 15 in Evocations
 44831 | Vaults:3 | Identified the +8 morningstar of the Coin {drain, rC+}
 45112 | Vaults:3 | Found a staircase to the Crypt.
 45356 | Vaults:3 | Noticed Asterion
 45381 | Vaults:3 | Killed Asterion
 45758 | Vaults:3 | Reached XP level 22. HP: 167/167 MP: 42/44
 46608 | Vaults:4 | Got the Opusculum on the Sphinx and Turbulence
 46856 | Vaults:4 | Identified the ring "Pustruho" {EV+5 Int-3 Slay+5}
 47245 | Vaults:4 | Noticed Margery
 47253 | Vaults:4 | Killed Margery
 47525 | Vaults:4 | Identified the +7 war axe "Saommuc" {speed, Stlth+}
 47627 | Vaults:4 | Reached skill level 15 in Conjurations
 47877 | Vaults:5 | Entered Level 5 of the Vaults
 47883 | Vaults:5 | Noticed a golden dragon
 48079 | Vaults:5 | Reached XP level 23. HP: 38/176 MP: 32/46
 48089 | Vaults:5 | Got a silver rune of Zot
 48217 | Vaults:5 | Got the Folio of Metallic Freezing
 48253 | Vaults:5 | Learned a level 2 spell: Blink
 48280 | Vaults:5 | Identified the +7 gold dragon scales of the Accordion
                  | {rPois rF+ rC+ rCorr}
 48480 | Vaults:5 | Identified the +3 scimitar "Laaroiky" {heavy, Dex+3}
 48736 | Vaults:5 | Noticed a dread lich
 48770 | Vaults:5 | Killed a dread lich
 48795 | Vaults:5 | Killed a golden dragon
 48910 | Vaults:5 | Noticed Mennas
 48951 | Vaults:5 | Killed Mennas
 49026 | Vaults:5 | Identified the +7 hand axe "Pysmolud" {protect, +Blink rC+}
 49051 | Vaults:5 | Identified the +0 war axe of Luqod {venom, Str+3 Int+5}
 49457 | Vaults:5 | Identified the +6 plate armour "Huquana" {-Tele rF+ rN+}
 49586 | Vaults:5 | Got the Octavo of the Mutated Quarry
 49869 | Vaults:5 | Identified the +0 chain mail of the Mango {Will- Regen+
                  | MP+9 Stlth+}
 49965 | Vaults:5 | Identified the +1 cloak "Hoipheul" {rN+ Int+5 Slay+3}
 50807 | D:1      | Bought a potion of curing for 42 gold pieces
 50807 | D:1      | Bought a scroll of enchant weapon for 105 gold pieces
 50807 | D:1      | Bought a potion of curing for 42 gold pieces
 50807 | D:1      | Bought a potion of haste for 140 gold pieces
 50893 | D:3      | Bought a potion of heal wounds for 95 gold pieces
 50893 | D:3      | Bought a potion of curing for 57 gold pieces
 50893 | D:3      | Bought a scroll of enchant armour for 142 gold pieces
 50893 | D:3      | Bought a scroll of amnesia for 76 gold pieces
 50948 | D:5      | Bought a scroll of enchant weapon for 97 gold pieces
 50948 | D:5      | Bought a scroll of magic mapping for 97 gold pieces
 50948 | D:5      | Bought 2 scrolls of blinking for 195 gold pieces
 51083 | D:11     | Bought a scroll of teleportation for 42 gold pieces
 51083 | D:11     | Bought a scroll of magic mapping for 105 gold pieces
 51247 | D:14     | Learned a level 8 spell: Lehudib's Crystal Spear
 51854 | D:15     | Entered Level 15 of the Dungeon
 52433 | D:15     | Found Lurulaf's Antique Weapon Emporium.
 52572 | D:15     | Reached XP level 24. HP: 185/185 MP: 47/47
 52601 | D:15     | Found a staircase to the Depths.
 52821 | Depths:1 | Entered Level 1 of the Depths
 53528 | Depths:1 | Found a stormy altar of Qazlal.
 53930 | Depths:1 | Found a gateway to Hell.
 54204 | Depths:2 | Found a one-way gate leading to the halls of Pandemonium.
 54294 | Depths:2 | Found a one-way gate to the infinite horrors of the Abyss.
 54685 | Depths:2 | Identified the +0 leather armour "Veibbiho" {rN+ Stlth+}
 55135 | Depths:3 | Found Gozag's Antique Weapon Boutique.
 55166 | Depths:3 | Found an opulent altar of Gozag.
 55171 | Depths:3 | Found Gozag's Antique Armour Shop.
 55174 | Depths:3 | Found Gozag's Assorted Antiques.
 55765 | Depths:3 | Found a one-way gateway to a ziggurat.
 55765 | Depths:3 | Identified the +1 hat "Kulosab" {Int+3 Stlth+}
 56088 | Depths:3 | Bought a warped glass ring for 500 gold pieces
 56088 | Depths:3 | Identified the ring "Hayps" {Ice Fly Will++ Str+3 Stlth+}
                  | (You bought it in a shop on level 3 of the Depths)
 56121 | Depths:4 | Entered Level 4 of the Depths
 56197 | Depths:4 | Lost mutation: You are agile. (Dex +4, Str/Int -1) [a
                  | neqoxec]
 56308 | Depths:4 | Noticed a juggernaut
 56318 | Depths:4 | Killed a juggernaut
 56506 | Depths:4 | Reached XP level 25. HP: 157/193 MP: 27/48
 56827 | Depths:4 | Noticed Saint Roka
 56833 | Depths:4 | Killed Saint Roka
 56869 | Depths:4 | Found a hide-covered altar of Uskayaw.
 57208 | Depths:4 | Found a gate to the Realm of Zot.
 57216 | Depths:4 | Reached XP level 26. HP: 201/201 MP: 48/48
 57217 | Depths:4 | Reached XP level 27. HP: 207/207 MP: 49/49
 57232 | Zot:1    | Entered Level 1 of the Realm of Zot
 57256 | Zot:1    | Reached skill level 15 in Hexes
 57256 | Zot:1    | Reached skill level 15 in Summonings
 57256 | Zot:1    | Reached skill level 15 in Necromancy
 57256 | Zot:1    | Reached skill level 15 in Translocations
 57256 | Zot:1    | Reached skill level 15 in Transmutations
 57256 | Zot:1    | Reached skill level 15 in Fire Magic
 57256 | Zot:1    | Reached skill level 15 in Ice Magic
 57256 | Zot:1    | Reached skill level 15 in Earth Magic
 57256 | Zot:1    | Reached skill level 15 in Poison Magic
 58072 | Zot:1    | Noticed an orb of fire
 58078 | Zot:1    | Gained mutation: You occasionally lose the ability to drink
                  | potions when taking damage. [an orb of fire]
 58081 | Zot:1    | Killed an orb of fire
 58159 | Zot:1    | Noticed purpleHaze's ghost (legendary HuHu)
 58163 | Zot:1    | Found a runed translucent door.
 58870 | Zot:2    | Found a transporter.
 58871 | Zot:2    | Noticed a dread lich
 58871 | Zot:2    | Noticed Pongem's ghost (legendary MiAK)
 58872 | Zot:2    | Noticed an ancient lich
 58873 | Zot:2    | Noticed a dread lich
 58925 | Zot:2    | Found a transporter.
 61204 | Zot:4    | Noticed an orb of fire
 61215 | Zot:4    | Killed an orb of fire
 61718 | Zot:5    | Entered Level 5 of the Realm of Zot
 61729 | Zot:5    | Noticed an orb of fire
 61729 | Zot:5    | Noticed an orb of fire
 61729 | Zot:5    | Gained mutation: You sometimes lose the ability to drink
                  | potions when taking damage. [an orb of fire]
 61730 | Zot:5    | Noticed an orb of fire
 61730 | Zot:5    | Noticed an orb of fire
 61730 | Zot:5    | Gained mutation: You occasionally shout uncontrollably at
                  | your foes. [an orb of fire]
 61735 | Zot:5    | Gained mutation: Your flesh is cold resistant. (rC+) [an
                  | orb of fire]
 61736 | Zot:5    | Noticed an orb of fire
 61736 | Zot:5    | Noticed an orb of fire
 62103 | Zot:5    | Gained mutation: You occasionally lose the ability to read
                  | scrolls when taking damage. [an orb of fire]
 62114 | Zot:5    | Killed an orb of fire
 62572 | Zot:5    | Noticed a dread lich
 62578 | Zot:5    | Killed a dread lich
 62730 | Zot:5    | Noticed a dread lich
 62731 | Zot:5    | Gained mutation: You sometimes lose your temper in combat.
                  | [an orb of fire]
 62733 | Zot:5    | Gained mutation: Armour fits poorly on your strangely
                  | shaped body. [an orb of fire]
 62740 | Zot:5    | Gained mutation: You sometimes lose the ability to read
                  | scrolls when taking damage. [an orb of fire]
 62747 | Zot:5    | Gained mutation: You frequently scream uncontrollably at
                  | your foes. [an orb of fire]
 62752 | Zot:5    | Gained mutation: Your body sometimes deteriorates upon
                  | taking damage. [an orb of fire]
 62849 | Zot:4    | Killed a dread lich
 62861 | Zot:5    | Killed an orb of fire
 62935 | Zot:5    | Gained mutation: You are frail. (-10% HP) [an orb of fire]
 62936 | Zot:5    | Gained mutation: You are clumsy. (Dex -2) [an orb of fire]
 62956 | Zot:4    | Killed an orb of fire
 63017 | Zot:4    | Gained mutation: You are very frail. (-20% HP) [an orb of
                  | fire]
 63022 | Zot:4    | Gained mutation: Your body often deteriorates upon taking
                  | damage. [an orb of fire]
 63026 | Zot:4    | Killed an orb of fire
 63206 | Zot:5    | Gained mutation: Your spells are a little easier to cast,
                  | but a little less powerful. [an orb of fire]
 63206 | Zot:5    | Killed an orb of fire
 63440 | Zot:5    | Noticed a dread lich
 63494 | Zot:5    | Killed a dread lich
 64028 | Zot:5    | Got the Orb of Zot
 64041 | Zot:5    | Killed an orb of fire
 64097 | Zot:5    | Noticed Waluil the pandemonium lord
 64109 | Zot:5    | Gained mutation: You are very clumsy. (Dex -4) [mutagenic
                  | glow]
 64122 | Zot:5    | Gained mutation: You are extremely frail. (-30% HP)
                  | [mutagenic glow]
 64149 | Zot:5    | Gained mutation: You are weak. (Str -2) [mutagenic glow]
 64169 | Zot:4    | Gained mutation: You are very weak. (Str -4) [mutagenic
                  | glow]
 64188 | Zot:3    | Gained mutation: You are dopey. (Int -2) [mutagenic glow]
 64213 | Zot:3    | Gained mutation: Your spells are easier to cast, but less
                  | powerful. [mutagenic glow]
 64239 | Zot:2    | Gained mutation: You are very dopey. (Int -4) [mutagenic
                  | glow]
 64284 | Zot:1    | Noticed Isosigh the pandemonium lord
 64300 | Zot:1    | Killed Isosigh the pandemonium lord
 64432 | Depths:2 | Noticed Vahugid the pandemonium lord
 64448 | Depths:2 | Killed Vahugid the pandemonium lord
 64618 | D:11     | Noticed Wiss the pandemonium lord
 64629 | D:11     | Killed Wiss the pandemonium lord
 64779 | D:5      | Noticed Odohokic the pandemonium lord
 64789 | D:5      | Killed Odohokic the pandemonium lord
 64802 | D:5      | Learned a level 2 spell: Passwall
 65006 | D:$      | Escaped with the Orb!

Illustrated notes

Levels and vault maps discovered:
D:1:      wander_arrival_desolate, layout_loops_ring, serial_shops,
          nicolae_shop_window_shopping, minmay_cupped
D:2:      kennysheep_six_static_rooms, layout_basic,
          chequers_ecumenical_altar_simple, basic_altar, uniq_terence
D:3:      layout_basic, nicolae_overflow_squiral, serial_shops, shop_statue,
          shop, shop, nicolae_shop_statue_plus, uniq_ijyb
D:4:      layout_loops_ring, fedhas_altar_1
D:5:      layout_gridville, mainiacjoe_overflow_chevrons,
          nicolae_tso_swordbearing_angel, serial_shops, shop
D:6:      layout_cave_pods, okawaru_gym_becter, nicolae_gozag_seed_capital,
          minmay_temple_entry_statues
D:7:      layout_loops_ring, nicolae_ru_great_annihilating_truth,
          mainiacjoe_overflow_concentric_impassable, zin_scriptorium,
          serial_shops, nicolae_shop_peninsula, shop, nicolae_titane, uniq_pikel
D:8:      layout_loops_ring, kennysheep_little_box, lair_entry_dummy
D:9:      layout_long_grid, nicolae_elyvilon_peaceful_grove,
          mainiacjoe_overflow_surrounded_room
D:10:     layout_irregular_city, lemuel_round_altar, david_orc_1_choice,
          grunt_ministairs_3
D:11:     layout_long_grid, serial_shops, shop, the_hattery
D:12:     layout_roguey, serial_shops, nicolae_shop_tiny_statue_garden,
          nicolae_trove_entry_diagonal
D:13:     layout_rooms, david_vaults_5, biasface_ghost_orc_armoury
D:14:     four-leaf_vault, layout_cave_pools, serial_column_ruins,
          column_ruins_hut, column_ruins_open_tiny,
          column_ruins_corridor_straight, column_ruins_grid_4,
          trog_hazing_becter, uniq_kirke
D:15:     hangedman_depths_entry_try_elsewhere_first, layout_cave_pools,
          serial_shops, nicolae_shop_stone, roderic_lattice_a
Temple:   nicolae_temple_colour_theory
Lair:1:   layout_regular_city, patterned_corridor, uniq_prince_ribbit2
Lair:2:   layout_chaotic_city, swamp_mist, nicolae_snake_entry_warm_welcome,
          serial_bayou_shore_a, serial_bayou_shore_b, uniq_nergalle, uniq_urug
Lair:3:   regret_index_bee_streams, layout_chaotic_city, grunt_megastairs_3
Lair:4:   layout_cave_pods, slime_entry_1, nicolae_lair_grazing_beasts
          [nicolae_sub_lair_graze_edge, nicolae_sub_lair_graze_edge,
          nicolae_sub_lair_graze_edge, nicolae_sub_lair_graze_edge]
Lair:5:   evilmike_catoblepas_cave, layout_misc_corridors,
          gauntlet_entry_generic
Swamp:1:  layout_basic_swamp, evilmike_swamp_ruin_rubble_1, swamp_pool3,
          nicolae_swamp_big_swirl, uniq_mlioglotl
Swamp:2:  layout_basic_swamp, serial_swamp_ruin, evilmike_swamp_ruin_house_5,
          evilmike_swamp_ruin_house_4, evilmike_swamp_ruin_rubble_2,
          swamp_pool3, st_swamp_ruins_3
Swamp:3:  layout_basic_swamp, evilmike_swamp_ruin_house_2
Swamp:4:  swamp_alternative, layout_basic_swamp, swamp_pool3,
          nicolae_swamp_necromancy_gone_wrong
Snake:1:  gammafunk_sealed_library, layout_layer_cave, basic_altar,
          serial_bayou_lake_a, uniq_azrael, uniq_aizul
Snake:2:  layout_chambers, serial_bayou, serial_bayou_pond_a,
          serial_bayou_shore_b, serial_bayou_ford_a, serial_bayou_pond_d,
          portal_ice_cave_entry_pillars_three, st_stairs_5, uniq_frances
Snake:3:  layout_rooms, uniq_nikola
Snake:4:  grunt_snake_rune_serpentine_throne, layout_basic,
          nicolae_snake_mages_go_home
Orc:1:    layout_diamond_mine, basic_altar
Orc:2:    grunt_orc_tribal_feast, layout_caves
Elf:1:    eino_elf_arrival_customs, layout_loops_cross, basic_altar,
          serial_shops, shop, shop, hangedman_elf_disciples, minivault_15
Elf:2:    elven_hall_of_blades_hangedman_original
          [nicolae_blade_entry_floor_patterns], layout_geoelf_grid
Elf:3:    minmay_elf_hall, layout_onion_city, serial_shops,
          nicolae_shop_bloodbath_and_beyond, shop,
          nicolae_shop_just_a_little_nook, nicolae_lakefront_shop
Vaults:1: vaults_room_corners, nicolae_vaults_storage_room_doors,
          nicolae_vaults_shipping_containers_5, ontoclasm_vaults_ligature,
          nicolae_vaults_tetromino_Z_1, grunt_vaults_hallway_long,
          grunt_vaults_diagonal, ontoclasm_vaults_eye,
          nicolae_vaults_door_testing_chamber, v_pattern_3, vaults_room_corners,
          hangedman_vaults_trim, nicolae_vaults_rhombus_7,
          layout_vaults_maze_bifur
Vaults:2: hellmonk_ghost_big_iron, grunt_vaults_focal, hangedman_vaults_unwind,
          vaults_room_semicircle, nicolae_vaults_ring_of_whatevers,
          nicolae_vaults_sightless_eye, hangedman_vaults_restitches,
          nicolae_vaults_offset_grid_hallway_1, v_misc_3,
          ontoclasm_vaults_decontamination, nicolae_vaults_security_offices_6,
          vaults_room_corners, v_pattern_2, layout_vaults_ring, serial_shops,
          shop
Vaults:3: minmay_crypt_entry_simple_box, v_alt_pattern_1, v_rooms_6,
          nicolae_vaults_weapon_check, v_misc_4, v_alt_pattern_6,
          nicolae_vaults_border_crossing, layout_vaults_omnigrid, uniq_asterion
Vaults:4: v_misc_13, nicolae_vaults_little_squares_2,
          nicolae_vaults_tetromino_T_2, nicolae_vaults_tetromino_T_2,
          ontoclasm_vaults_gateway, nicolae_vaults_closet_pinwheel_1,
          nicolae_vaults_network_periphery,
          vaults_standard_mumra_enter_the_diamond, v_pattern_1,
          ontoclasm_vaults_tryst, nicolae_vaults_storage_closets_1,
          ontoclasm_vaults_pinch, ontoclasm_vaults_chip, vaults_dpeg_cross,
          nicolae_vaults_trapezoid_lopsided_1,
          nicolae_vaults_security_offices_5, layout_vaults_omnibox, uniq_margery
Vaults:5: serial_shops, uniq_mennas
Depths:1: layout_small_grid, grunt_hell_entry_dis_mu, old_standard_altar,
          serial_bayou, serial_bayou_pond_b, serial_bayou_lagoon_b,
          serial_bayou_pond_a, serial_bayou_shore_b, serial_bayou_pond_a,
          drop_trap
Depths:2: minmay_curly_fans, layout_basic, hangedman_coc_ice_floe, minmay_holes,
          abyss_entry, grunt_pan_entry_in_and_out,
          infiniplex_staircase_pillars_2
Depths:3: kennysheep_gozag_temple, layout_cross, enter_ziggurat_e,
          roderic_serpentine_path, hell_entry, abyss_entry,
          minmay_staircase_statues, firewood_loft
Depths:4: evilmike_zot_entry_gauntlet, layout_gridlike, rand_demon_pan_entry_3,
          hell_entry, nicolae_uskayaw_suspiria, uniq_saint_roka
Zot:1:    kennysheep_bubbly, layout_basic, hellmonk_ghost_happy_afterlife,
          zot_minivault_2
Zot:2:    layout_basic, gammafunk_ghost_mausoleum
Zot:3:    evilmike_crystal_ball_defense, layout_misc_corridors
Zot:4:    layout_onion
Zot:5:    layout_basic, st_stairs_7

Skill      XL: |  1  2  3  4  5  6  7  8  9 10 11 12 13 14 15 16 17 18 19 20 21 22 23 24 25 26 27 |
---------------+----------------------------------------------------------------------------------+-----
Spellcasting   | 5 6 7 8 9 10 11 12 14 15 16 17 18 19 20 21 22 24 | 24.2
Invocations    | 1 2 3 4 5 6 7 8 9 10 11 12 13 14 15 16 17 18 19 20 | 20.6
Fighting       | 1 2 3 5 6 7 8 9 10 11 12 14 15 16 17 18 19 20 21 22 24 | 24.2
Short Blades   | 1 2 3 5 6 7 8 9 10 11 12 13 14 15 16 17 19 | 19.1
Long Blades    | 1 2 3 5 6 7 8 9 10 11 12 13 14 15 16 17 19 | 19.1
Axes           | 1 2 3 5 6 7 8 9 10 11 12 13 14 15 16 17 19 | 19.1
Maces & Flails | 1 2 3 5 6 7 8 9 10 11 12 13 14 15 16 17 19 | 19.1
Polearms       | 1 2 3 5 6 7 8 9 10 11 12 13 14 15 16 17 19 | 19.1
Staves         | 1 2 3 5 6 7 8 9 10 11 12 13 14 15 16 17 19 | 19.1
Ranged Weapons | 1 2 3 5 6 7 8 9 10 11 12 13 14 15 16 17 19 | 19.1
Throwing       | 1 2 3 5 6 7 8 9 10 11 12 13 14 15 16 17 19 | 19.1
Armour         | 1 2 3 5 6 7 8 9 10 11 12 13 14 15 16 17 19 | 19.1
Shields        | 1 2 3 5 6 7 8 9 10 11 12 13 14 15 16 17 19 | 19.1
Unarmed Combat | 1 2 3 5 6 7 8 9 10 11 12 13 14 15 16 17 19 | 19.1
Evocations     | 1 2 3 5 6 7 8 9 10 11 12 13 14 15 16 17 19 | 19.1
Hexes          | 1 2 3 4 5 6 7 8 9 10 11 12 13 14 16 | 16.2
Summonings     | 1 2 3 4 5 6 7 8 9 10 11 12 13 14 16 | 16.2
Necromancy     | 1 2 3 4 5 6 7 8 9 10 11 12 13 14 16 | 16.2
Translocations | 1 2 3 4 5 6 7 8 9 10 11 12 13 14 16 | 16.2
Transmutations | 1 2 3 4 5 6 7 8 9 10 11 12 13 14 16 | 16.2
Fire Magic     | 1 2 3 4 5 6 7 8 9 10 11 12 13 14 16 | 16.2
Ice Magic      | 1 2 3 4 5 6 7 8 9 10 11 12 13 14 16 | 16.2
Air Magic      | 1 2 3 4 5 7 8 10 11 12 13 14 15 16 17 18 19 20 | 20.9
Earth Magic    | 1 2 3 4 5 6 7 8 9 10 11 12 13 14 16 | 16.2
Poison Magic   | 1 2 3 4 5 6 7 8 9 10 11 12 13 14 16 | 16.2
Dodging        | 5 6 7 8 9 10 11 12 13 14 15 16 17 18 19 | 19.5
Stealth        | 5 6 7 8 9 10 11 12 13 14 15 16 17 18 19 | 19.4
Conjurations   | 8 9 10 11 12 13 14 15 16 17 | 17.6

Action                     |  1- 3 |  4- 6 |  7- 9 | 10-12 | 13-15 | 16-18 | 19-21 | 22-24 | 25-27 || total
---------------------------+-------+-------+-------+-------+-------+-------+-------+-------+-------++-------
  Melee: Scimitar          |       |    11 |       |       |       |       |       |       |       ||    11
         Bite              |       |     1 |     5 |     7 |    12 |     6 |    11 |    21 |    25 ||    88
         Rapier            |       |    22 |    53 |    63 |   100 |    34 |    35 |    15 |    85 ||   407
         Punch             |       |     1 |     1 |     7 |       |       |       |       |       ||     9
         Hand axe          |       |       |       |       |       |       |     3 |     3 |    11 ||    17
         Broad axe         |       |       |       |       |       |       |       |    61 |       ||    61
         War axe           |       |       |       |       |       |       |       |       |     4 ||     4
   Fire: Sling             |    35 |    85 |   224 |   412 |   797 |   829 |   996 |       |       ||  3378
         Hand crossbow     |       |       |       |       |       |       |    31 |   547 |   381 ||   959
  Throw: Dart              |       |       |     1 |     2 |       |       |       |       |       ||     3
         Javelin           |       |       |       |       |       |       |     1 |       |    11 ||    12
   Cast: Magic Dart        |    37 |    74 |     1 |       |       |       |       |       |       ||   112
         Mephitic Cloud    |       |       |    12 |    31 |     3 |    12 |    15 |     7 |     1 ||    81
         Freezing Cloud    |       |       |       |    46 |   121 |   182 |   207 |    44 |    81 ||   681
         Stone Arrow       |       |       |       |     1 |    34 |    72 |     4 |       |       ||   111
         Inner Flame       |       |       |       |       |       |     5 |       |       |       ||     5
         Summon Ice Beast  |       |       |       |       |       |    12 |    17 |     3 |     6 ||    38
         Swiftness         |       |       |       |       |       |     1 |       |       |       ||     1
         Ignite Poison     |       |       |       |       |       |       |    57 |    66 |    37 ||   160
         Silence           |       |       |       |       |       |       |     1 |     1 |     1 ||     3
         Olgreb's Toxic Ra |       |       |       |       |       |       |    62 |    66 |    32 ||   160
         Spellforged Servi |       |       |       |       |       |       |    17 |    79 |    91 ||   187
         Portal Projectile |       |       |       |       |       |       |     3 |       |       ||     3
         Cause Fear        |       |       |       |       |       |       |       |     4 |       ||     4
         Confusing Touch   |       |       |       |       |       |       |       |       |     1 ||     1
 Invoke: Recall Ancestor   |       |       |     2 |     2 |     3 |     3 |     2 |     3 |    17 ||    32
         Ancestor Life: He |       |       |     1 |       |       |       |       |       |       ||     1
  Evoke: Wand              |       |       |       |       |     1 |     3 |       |       |     3 ||     7
    Use: Scroll            |       |       |    11 |       |    17 |     6 |     9 |     6 |    10 ||    59
         Potion            |       |       |       |       |     5 |     7 |     1 |     9 |     6 ||    28
   Stab: Confused          |       |       |     4 |     6 |     4 |     4 |     4 |       |     2 ||    24
         Sleeping          |       |       |     1 |     1 |     1 |       |       |       |       ||     3
         Distracted        |       |       |       |     1 |     2 |     1 |     2 |     7 |     6 ||    19
         Paralysed         |       |       |       |       |     2 |       |     5 |       |       ||     7
 Armour: Robe              |     3 |    28 |     9 |    22 |       |       |       |       |       ||    62
         Leather armour    |       |       |       |       |    37 |    43 |    39 |    48 |    98 ||   265
  Dodge: Dodged            |     8 |    57 |    85 |   146 |   150 |   135 |   101 |   137 |   209 ||  1028
  Block: Buckler           |       |       |       |       |   100 |       |       |       |       ||   100
         Reflection        |       |       |       |       |     6 |    59 |    29 |    31 |     3 ||   128
         Kite shield       |       |       |       |       |    97 |   269 |   191 |   208 |   225 ||   990
